 Dungeon Crawl Stone Soup version 0.28-a0-793-g31680bbd8b (webtiles) character file.

Game seed: 5863226277081962105

123 croobank the Magician (level 4, -1/24 HPs)
             Began as a Deep Elf Hedge Wizard on Nov 4, 2021.
             Slain by a gnoll (11 damage)
             ... on level 3 of the Dungeon.
             The game lasted 00:27:54 (4075 turns).

croobank the Magician (Deep Elf Hedge Wizard)       Turns: 4075, Time: 00:28:03

Health: -1/24      AC:  7    Str:  8    XL:     4   Next: 80%
Magic:  5/14       EV: 13    Int: 19    God:
Gold:   124        SH:  0    Dex: 14    Spells: 9/15 levels left

rFire   . . .      SeeInvis .   e - staff of conjuration
rCold   . . .      Faith    .   (no shield)
rNeg    . . .      Spirit   .   b - +0 robe
rPois   .          Reflect  .   c - +0 hat
rElec   .          Harm     .   d - +0 cloak
rCorr   .          Rampage  .   (no gloves)
Will    .....                   (no boots)
Stlth   ++........              (no amulet)
HPRegen 0.08/turn               k - +4 ring of protection
MPRegen 0.14/turn               (no ring)

@: no status effects
A: no striking features
a: no special abilities


You were on level 3 of the Dungeon.
You visited 1 branch of the dungeon, and saw 3 of its levels.

You collected 124 gold pieces.

Inventory:

Hand Weapons
 a - a +0 dagger of protection
 o - a +0 dagger of venom
Missiles
 f - 9 bolts
 i - 43 stones (quivered)
 l - 62 arrows
 n - 4 large rocks
Armour
 b - a +0 robe (worn)
 c - a +0 hat (worn)
 d - a +0 cloak (worn)
Magical Staves
 e - a staff of conjuration (weapon)
Jewellery
 g - an amulet of guardian spirit
 k - a +4 ring of protection (left hand)
Wands
 m - a wand of digging (5)
Scrolls
 p - a scroll of blinking
 q - 2 scrolls of teleportation
Potions
 h - a potion of brilliance {unknown}
 j - a potion of curing {unknown}


   Skills:
 + Level 0.1 Fighting
 + Level 0.4 Staves
 + Level 2.9 Dodging
 + Level 3.1 Stealth
 + Level 6.0 Spellcasting
 + Level 2.8 Conjurations
 + Level 1.1 Summonings
 + Level 1.5 Translocations


You had 9 spell levels left.
You knew the following spells:

 Your Spells              Type           Power      Damage    Failure   Level
a - Magic Dart            Conj           96%        1d7       3%          1
b - Slow                  Hex            20%        N/A       11%         1
c - Blink                 Tloc           22%        N/A       9%          2
d - Call Imp              Summ           9%         N/A       11%         2

Your spell library contained the following spells:

 Spells                   Type           Power      Damage    Failure   Level
 Conjure Flame            Conj/Fire      16%        6-21      19%         3
 Mephitic Cloud           Conj/Pois/Air  13%        N/A       22%         3


Dungeon Overview and Level Annotations

Branches:
Dungeon (3/15)

Altars:

Shops:
D:3 (


Message History

Throw: 49 stones
Press: ? - help, Q - select action, (/) - cycle Shift-Dir - straight line, f/p - gnoll
Aim: a gnoll, wielding a +0 halberd (lightly wounded, 61% to hit)
You throw a stone. The stone hits the gnoll.
The gnoll is moderately wounded.
The gnoll barely misses you.
Throw: 48 stones
Press: ? - help, Q - select action, (/) - cycle Shift-Dir - straight line, f/p - gnoll
Aim: a gnoll, wielding a +0 halberd (moderately wounded, 61% to hit)
You throw a stone.
The stone hits the gnoll but does no damage.
The gnoll is moderately wounded.
The gnoll barely misses you.
Throw: 47 stones
Press: ? - help, Q - select action, (/) - cycle Shift-Dir - straight line, f/p - gnoll
Aim: a gnoll, wielding a +0 halberd (moderately wounded, 61% to hit)
You throw a stone.
The stone hits the gnoll but does no damage.
The gnoll is moderately wounded.
The gnoll hits you but does no damage.
Throw: 46 stones
Press: ? - help, Q - select action, (/) - cycle Shift-Dir - straight line, f/p - gnoll
Aim: a gnoll, wielding a +0 halberd (moderately wounded, 61% to hit)
You throw a stone.
The stone hits the gnoll but does no damage.
The gnoll is moderately wounded.
The gnoll hits you from afar with a +0 halberd.
Throw: 45 stones
Press: ? - help, Q - select action, (/) - cycle Shift-Dir - straight line, f/p - gnoll
Aim: a gnoll, wielding a +0 halberd (moderately wounded, 61% to hit)
You throw a stone.
The stone hits the gnoll but does no damage.
The gnoll is moderately wounded.
The gnoll closely misses you.
Throw: 44 stones
Press: ? - help, Q - select action, (/) - cycle Shift-Dir - straight line, f/p - gnoll
Aim: a gnoll, wielding a +0 halberd (moderately wounded, 61% to hit)
You throw a stone. The stone closely misses the gnoll.
The gnoll hits you from afar with a +0 halberd!
You die...

#.. ... ##### #.#
#..
#...####.#####..
#........##.....
#....##..##.#...
#..#............
#..####.........
###.......###.#...
#@.g(###### #.#...
#.#### #.#.#. #..
#.#.#. #... ..#.#.
#.>.. ###.##
#..... #.# ##...##
.... . ##


You could see a gnoll.

Vanquished Creatures
  3 gnolls (D:3)
  2 adders
  An adder skeleton (D:2)
  3 worms
  2 dart slugs
  3 orcs (D:3)
  3 endoplasms
  A giant cockroach (D:2)
  7 goblins
  5 hobgoblins
  5 kobolds
  3 quokkas
  9 ball pythons
  10 bats
  3 frilled lizards
  8 rats
68 creatures vanquished.

Notes
Turn   | Place    | Note
-------+----------+-------------------------------------------
     0 | D:1      | croobank the Deep Elf Hedge Wizard began the quest for the
                  | Orb.
     0 | D:1      | Reached XP level 1. HP: 10/10 MP: 7/7
   442 | D:1      | Reached XP level 2. HP: 15/15 MP: 6/9
   646 | D:1      | Reached skill level 5 in Spellcasting
   894 | D:1      | Learned a level 1 spell: Slow
   897 | D:1      | Learned a level 2 spell: Blink
   900 | D:1      | Learned a level 2 spell: Call Imp
  1656 | D:2      | Reached XP level 3. HP: 3/19 MP: 1/11
  2306 | D:2      | Found a faded altar of an unknown god.
  2700 | D:2      | Reached XP level 4. HP: 24/24 MP: 11/13
  3861 | D:3      | Found Liat's Weapon Shoppe.
  4038 | D:3      | Reached skill level 6 in Spellcasting
  4075 | D:3      | Slain by a gnoll

Illustrated notes

Levels and vault maps discovered:
D:1:      shiori_arrival_elements, layout_basic
D:2:      layout_basic, chequers_ecumenical_altar_simple, nrook_campfire
D:3:      layout_loops_cross, serial_shops, nicolae_shop_trees,
          lightli_sewer_entry_pipes

Skill      XL: |  1  2  3  4 |
---------------+-------------+-----
Spellcasting   | 5 6 |  6.0
Stealth        | 3 |  3.1
Conjurations   | 2 |  2.8
Fighting       | |  0.1
Staves         | |  0.4
Dodging        | |  2.9
Summonings     | |  1.1
Translocations | |  1.5

Action                   |  1- 3 |  4- 6 || total
-------------------------+-------+-------++-------
Melee: Staff             |    42 |    23 ||    65
Throw: Stone             |       |     6 ||     6
 Cast: Magic Dart        |   104 |    54 ||   158
       Blink             |     8 |       ||     8
  Use: Scroll            |     4 |     3 ||     7
 Stab: Sleeping          |     1 |       ||     1
Armor: Robe              |     7 |     4 ||    11
Dodge: Dodged            |    44 |    30 ||    74

Table legend: (Time is in decaauts)
 A = Elapsed time spent in this place.
 B = Non-inter-level travel time spent in this place.
 C = Inter-level travel time spent in this place.
 D = Time resting spent in this place.
 E = Time spent auto-exploring this place.
 F = Levels seen in this place.
 G = Mean time per level.
                   A        B        C        D        E       F      G
               +--------+--------+--------+--------+--------+-----+--------+
         Total |   4087 |   4042 |     45 |   1341 |   1945 |   3 | 1362.3 |
       Dungeon |   4087 |   4042 |     45 |   1341 |   1945 |   3 | 1362.3 |
               +--------+--------+--------+--------+--------+-----+--------+

Top non-repeatable levels by time:
     D:1: 1576 daAuts
     D:2: 1487 daAuts
     D:3: 1023 daAuts
